 Dungeon Crawl Stone Soup version 0.30.0-5-g1a98f26d00 (webtiles) character file.

Game seed: 13523485752009440838

65 hawla the Firebug (level 4, -8/32 (33) HPs)
             Began as a Meteoran Fire Elementalist on May 8, 2023.
             Killed from afar by Dowan (11 damage)
             ... with a puff of flame
             ... on level 4 of the Dungeon on May 9, 2023.
             The game lasted 00:06:23 (787 turns).

hawla the Firebug (Meteoran Fire Elementalist)       Turns: 787, Time: 00:06:25

HP:   -8/32 (33)    AC:  3    Str: 10    XL:     4   Next: 62%
MP:   3/10          EV: 13    Int: 18    God:
Gold: 64            SH:  0    Dex: 14    Spells: 3/10 levels left

rFire   . . .        i - +1 dagger (venom)
rCold   . . .        (no shield)
rNeg    . . .        a - +1 robe
rPois   .            (no helmet)
rElec   .            (no cloak)
rCorr   .            (no gloves)
SInv    .            (no boots)
Will    .....        g - amulet of the acrobat
Stlth   +            (no ring)
HPRegen 0.25/turn    (no ring)
MPRegen 0.12/turn

%: acrobat
@: about to teleport, very slightly contaminated, glowing, lightly drained
A: sense surroundings 1, otherworldly, glowing, explore regen
a: no special abilities


You were on level 4 of the Dungeon.
You visited 1 branch of the dungeon, and saw 4 of its levels.

You collected 114 gold pieces.
You spent 50 gold pieces at shops.

Inventory:

Hand Weapons
 i - a +1 dagger of venom (weapon)
 l - a +0 rapier
Armour
 a - a +1 robe (worn)
Jewellery
 g - an amulet of the acrobat (around neck)
Scrolls
 c - a scroll of magic mapping {unknown}
 e - a scroll of amnesia
 h - a scroll of poison {unknown}
 k - a scroll of fog
Potions
 b - a potion of magic
 d - a potion of ambrosia {unknown}
 f - a potion of heal wounds


   Skills:
 - Level 3.2 Dodging
 - Level 1.4 Stealth
 - Level 3.6 Spellcasting
 + Level 2.3 Conjurations
 - Level 4.4 Fire Magic


You had 3 spell levels left.
You knew the following spells:

 Your Spells              Type           Power      Damage    Failure   Level
a - Foxfire               Conj/Fire      60%        2x1d7     3%          1
b - Scorch                Fire           38%        2d7       3%          2
c - Flame Wave            Conj/Fire      15%        2d7       36%         4

Your spell library contained the following spells:

 Spells                   Type           Power      Damage    Failure   Level
 Inner Flame              Hex/Fire       11%        N/A       19%         3
 Volatile Blastmotes      Fire/Tloc      22%        2d11      19%         3


Dungeon Overview and Level Annotations

Branches:
Dungeon (4/15) Zot: 1614
 Temple: D:4-7

Altars:

Shops:
D:3 ?

Annotations:
D:4 Dowan, Duvessa


Innate Abilities, Weirdness & Mutations

You passively map a small area around you.
You are easily found by Zot.
You glow in the dark.
You regain HP and MP as you explore.


Message History

Dowan blinks!
Casting: Foxfire (safe; 3% risk of failure)
Confirm with . or Enter, or press ? or * to list all spells.
You conjure some foxfire!
The foxfire hits the worm.
The worm is lightly wounded.
The foxfire hits the worm.
The worm is lightly wounded.
The foxfire hits the worm.
The worm is moderately wounded.
The foxfire hits the worm.
The worm is heavily wounded.
Duvessa, Sister of Dowan comes into view.
She is wielding a +0 rapier, wearing a +3 ring mail of fire resistance and carrying a wand of flame (26).
Duvessa shouts!
Found an escape hatch in the floor.
You completely miss Duvessa.
Duvessa zaps a wand.
The puff of flame hits you.
Casting: Foxfire (safe; 3% risk of failure)
Confirm with . or Enter, or press ? or * to list all spells.
The spell is extremely dangerous to miscast (36% risk of failure)!
Continue anyway?
Casting: Flame Wave (extremely dangerous; 36% risk of failure)
Press: ? - help, Dir - look around, f - activate You miscast Flame Wave.
You are very lightly contaminated with residual magic.
Sparks fly from your hands! Duvessa closely misses you.
Dowan says, "My weaknesses are her strengths!"
Unknown command.
As you read the scroll of teleportation, it crumbles to dust.
You feel strangely unstable. Duvessa hits you with a +0 rapier!
Dowan hits you with a +1 dagger of draining.
* * * LOW HITPOINT WARNING * * *
You feel drained.
Unknown command.
Casting: Flame Wave (extremely dangerous; 36% risk of failure)
Confirm with . or Enter, or press ? or * to list all spells.
Flames lash Duvessa but do no damage.
Duvessa zaps a wand.
The puff of flame hits you.
* * * LOW HITPOINT WARNING * * *
Dowan points at you and mumbles some strange words.
The puff of flame hits you!
You die...

#..###.......###..##.
##.###.#..######.###.
###.##.....# #..# ##
#........### #.## #
#....##...######.# #
* ..#####...#...##.#
# , ,. #..#.....##.#
## , *
##........##.####>
##@..###.........". *
,,
*#ee........##.#####
, ,...w...###...##.#
, , #.#...#.#
######.# * .. #...#.#
#.# , .#,.....#$# #.#
* * .#...#.# #..
.>....#. * ##. .. ,


You could see Duvessa, Dowan and a worm.

Vanquished Creatures
  3 adders
  2 dart slugs
  3 bats
  2 endoplasms
  3 giant cockroaches (D:4)
  5 goblins
  2 hobgoblins
  3 jackals (D:1)
  2 kobolds
  3 ball pythons
  2 frilled lizards
  3 rats (D:1)
33 creatures vanquished.

Vanquished Creatures (others)
  83 foxfires
83 creatures vanquished.

Grand Total: 116 creatures vanquished

Notes
Turn   | Place    | Note
-------+----------+-------------------------------------------
     0 | D:1      | hawla the Meteoran Fire Elementalist began the quest for
                  | the Orb.
     0 | D:1      | Reached XP level 1. HP: 14/14 MP: 5/5
   120 | D:1      | Reached XP level 2. HP: 13/20 MP: 2/6
   149 | D:1      | Reached skill level 4 in Fire Magic
   369 | D:2      | Reached XP level 3. HP: 26/26 MP: 6/8
   372 | D:2      | Learned a level 2 spell: Scorch
   493 | D:3      | Found Ameafegu's Magic Scroll Shoppe.
   501 | D:3      | Bought a scroll of identify for 20 gold pieces
   501 | D:3      | Bought a scroll of teleportation for 30 gold pieces
   539 | D:4      | Reached XP level 4. HP: 33/33 MP: 2/10
   552 | D:4      | Noticed Dowan
   588 | D:4      | Learned a level 4 spell: Flame Wave
   781 | D:4      | Noticed Duvessa
   787 | D:4      | Killed from afar by Dowan

Illustrated notes

Levels and vault maps discovered:
D:1:      shiori_shiawase, layout_basic, ebering_ecumenical_altar_webs
D:2:      layout_basic, serial_shops, shop
D:3:      layout_loops_ring, zin_scriptorium, serial_shops, shop
D:4:      layout_rooms, minmay_crossroads, uniq_duvessa

Skill      XL: |  1  2  3  4 |
---------------+-------------+-----
Fire Magic     | 4 |  4.4
Spellcasting   | 3 |  3.6
Dodging        | 3 |  3.2
Conjurations   | 2 |  2.3
Stealth        | |  1.4

Action                     |  1- 3 |  4- 6 || total
---------------------------+-------+-------++-------
  Melee: Unarmed           |     8 |       ||     8
         Dagger            |       |     5 ||     5
   Cast: Foxfire           |    40 |    11 ||    51
         Scorch            |     2 |     3 ||     5
    Use: Scroll            |       |     7 ||     7
 Armour: Robe              |     3 |     1 ||     4
  Dodge: Dodged            |    16 |     6 ||    22
